TOP OF THE 1ST |
Chester Pirates batting - Pitching for Hamilton Cardinals : RHP Joey Black
|
Pitching: RHP Joey Black
|
|
Batting: LHB Kazuyoshi Ikeda
|
0-0: Ball 1-0: Ball 2-0: Called Strike 2-1: Fly out, F9 (Line Drive, 9S, EV 90.6 MPH)
|
Batting: RHB Jon Solis
|
0-0: Ball 1-0: Fly out, F9 (Flyball, 9S, EV 90.0 MPH)
|
Batting: RHB Rusty Trader
|
0-0: Ball 1-0: Fly out, F9 (Flyball, 9, EV 87.5 MPH)
|
Top of the 1st over - 0 runs, 0 hits, 0 errors, 0 left on base; Chester 0 - Hamilton 0 |
BOTTOM OF THE 1ST |
Hamilton Cardinals batting - Pitching for Chester Pirates : RHP Justin Rousell
|
Pitching: RHP Justin Rousell
|
|
Batting: RHB Chris Rouleau
|
0-0: Ground out U3 (Groundball, 23, EV 86.2 MPH)
|
Batting: LHB Ken Morehead
|
0-0: Ball 1-0: Called Strike 1-1: Ball 2-1: Foul Ball, location: 2F 2-2: Ball 3-2: Foul Ball, location: 2F 3-2: Foul Ball, location: 2F 3-2: Base on Balls
|
Batting: SHB Gerardo Macias
|
0-0: Ball 1-0: Foul Ball, location: 2F 1-1: Foul Ball, location: 2F 1-2: Strikes out swinging
|
Batting: RHB Tim Williams
|
0-0: Ball 1-0: Ball 2-0: Ball 3-0: Called Strike 3-1: Base on Balls Ken Morehead to second
|
Batting: LHB Mike East
|
0-0: Ball 1-0: Fielders Choice at 2nd, U6 (Groundball, 6M, EV 103.8 MPH)
|
Bottom of the 1st over - 0 runs, 0 hits, 0 errors, 2 left on base; Chester 0 - Hamilton 0 |
TOP OF THE 2ND |
Chester Pirates batting - Pitching for Hamilton Cardinals : RHP Joey Black
|
Batting: LHB Chad Cutler
|
0-0: Called Strike 0-1: Hit by Pitch
|
Batting: RHB Ricky Alvarado
|
0-0: Ball 1-0: Foul Ball, location: 2F 1-1: Ball Chad Cutler is caught stealing 2nd base 2-4 2-1: Foul Ball, location: 2F 2-2: Ground out 5-3 (Groundball, 5, EV 89.4 MPH)
|
Batting: RHB Hector Barajas
|
0-0: Ball 1-0: Called Strike 1-1: Ball 2-1: Swinging Strike 2-2: Strikes out swinging
|
Top of the 2nd over - 0 runs, 0 hits, 0 errors, 0 left on base; Chester 0 - Hamilton 0 |
BOTTOM OF THE 2ND |
Hamilton Cardinals batting - Pitching for Chester Pirates : RHP Justin Rousell
|
Batting: RHB McGwire Jones
|
0-0: Called Strike 0-1: Called Strike 0-2: Foul Ball, location: 2F 0-2: Foul Ball, location: 2F 0-2: Ball 1-2: Ball 2-2: Fly out, F8 (Line Drive, 8LM, EV 89.4 MPH)
|
Batting: SHB J.T. Ready
|
0-0: Ball 1-0: Ball 2-0: Called Strike 2-1: SOLO HOME RUN (Flyball, 78XD, EV 109.4 MPH), Distance : 418 ft
|
Batting: RHB Pablo Nunez
|
0-0: Ball 1-0: Called Strike 1-1: Ball 2-1: Foul Ball, location: 2F 2-2: Foul Ball, location: 2F 2-2: Ground out 5-3 (Groundball, 56S, EV 86.9 MPH)
|
Batting: RHB Diego Herrera
|
0-0: Foul Ball, location: 2F 0-1: SINGLE (Groundball, 4S, EV 64.4 MPH) (infield hit)
|
Batting: RHB Chris Rouleau
|
0-0: Ball 1-0: Ball 2-0: Called Strike 2-1: Swinging Strike 2-2: Strikes out swinging
|
Bottom of the 2nd over - 1 run, 2 hits, 0 errors, 1 left on base; Chester 0 - Hamilton 1 |
TOP OF THE 3RD |
Chester Pirates batting - Pitching for Hamilton Cardinals : RHP Joey Black
|
Batting: LHB Damien Cohen
|
0-0: Called Strike 0-1: Ball 1-1: Ball 2-1: Fly out, F7 (Flyball, 7, EV 82.5 MPH)
|
Batting: RHB Rafael Galicia
|
0-0: Ground out 6-3 (Groundball, 6S, EV 68.8 MPH)
|
Batting: RHB Matt Derrien
|
0-0: Ball 1-0: DOUBLE (Line Drive, 7LS, EV 103.1 MPH)
|
Batting: LHB Kazuyoshi Ikeda
|
0-0: Called Strike 0-1: Ball 1-1: Called Strike 1-2: Foul Ball, location: 2F 1-2: SINGLE (Flyball, 8RS, EV 100.0 MPH) Matt Derrien to third Runner from 3rd tries for Home, throw by CF and OUT! 8-2
|
Top of the 3rd over - 0 runs, 2 hits, 0 errors, 1 left on base; Chester 0 - Hamilton 1 |
BOTTOM OF THE 3RD |
Hamilton Cardinals batting - Pitching for Chester Pirates : RHP Justin Rousell
|
Batting: LHB Ken Morehead
|
0-0: Called Strike 0-1: Ball 1-1: Ball 2-1: Swinging Strike 2-2: Strikes out swinging
|
Batting: SHB Gerardo Macias
|
0-0: Fly out, F8 (Flyball, 8RD, EV 105.6 MPH)
|
Batting: RHB Tim Williams
|
0-0: Ball 1-0: Ball 2-0: Ball 3-0: Base on Balls
|
Batting: LHB Mike East
|
0-0: Ball 1-0: Called Strike 1-1: Ball 2-1: Ball 3-1: Foul Ball, location: 2F 3-2: Fly out, F8 (Flyball, 8LD, EV 94.4 MPH)
|
Bottom of the 3rd over - 0 runs, 0 hits, 0 errors, 1 left on base; Chester 0 - Hamilton 1 |
TOP OF THE 4TH |
Chester Pirates batting - Pitching for Hamilton Cardinals : RHP Joey Black
|
Batting: RHB Jon Solis
|
0-0: SINGLE (Groundball, 34D, EV 106.9 MPH)
|
Batting: RHB Rusty Trader
|
0-0: Called Strike 0-1: Ball 1-1: Ball 2-1: Ball 3-1: Foul Ball, location: 2F 3-2: Foul Ball, location: 2F 3-2: Base on Balls Jon Solis to second
|
Batting: LHB Chad Cutler
|
0-0: SINGLE (Groundball, 34D, EV 99.4 MPH) (infield hit) Jon Solis to third Rusty Trader to second
|
Batting: RHB Ricky Alvarado
|
0-0: Called Strike 0-1: Called Strike 0-2: Foul Ball, location: 2F 0-2: SINGLE (Line Drive, 7LS, EV 110.0 MPH) Jon Solis scores Rusty Trader to third Chad Cutler to second Runner from 3rd tries for Home, SAFE, throw by LF to home
|
Batting: RHB Hector Barajas
|
0-0: Ball 1-0: Ball 2-0: Ball 3-0: Foul Ball, location: 2F 3-1: Foul Ball, location: 2F 3-2: Base on Balls Chad Cutler to third Ricky Alvarado to second
|
Batting: LHB Damien Cohen
|
0-0: Called Strike 0-1: Called Strike 0-2: Strikes out swinging
|
Batting: RHB Rafael Galicia
|
0-0: Ball 1-0: Ball 2-0: SINGLE (Groundball, 56D, EV 107.5 MPH) Chad Cutler scores Ricky Alvarado to third Hector Barajas to second Runner from 3rd tries for Home, throw by LF and OUT! 7-2
|
Batting: RHB Matt Derrien
|
0-0: SINGLE (Groundball, 34D, EV 103.8 MPH) Hector Barajas to third Rafael Galicia to second Runner from 3rd tries for Home, SAFE, throw by RF to home
|
Batting: LHB Kazuyoshi Ikeda
|
0-0: Foul Ball, location: 2F 0-1: Ball 1-1: Ball 2-1: Ball 3-1: Base on Balls Rafael Galicia to third Matt Derrien to second
|
Pitching: LHP Sal Guzman
|
|
Batting: RHB Jon Solis
|
0-0: Ball 1-0: Fly out, F8 (Flyball, 8LD, EV 98.8 MPH)
|
Top of the 4th over - 4 runs, 5 hits, 0 errors, 3 left on base; Chester 4 - Hamilton 1 |
BOTTOM OF THE 4TH |
Hamilton Cardinals batting - Pitching for Chester Pirates : RHP Justin Rousell
|
Batting: RHB McGwire Jones
|
0-0: Ball 1-0: Swinging Strike 1-1: Swinging Strike 1-2: Strikes out swinging
|
Batting: SHB J.T. Ready
|
0-0: Called Strike 0-1: Swinging Strike 0-2: Ball 1-2: Foul Ball, location: 2F 1-2: Ball 2-2: Strikes out swinging
|
Batting: RHB Pablo Nunez
|
0-0: Fly out, F8 (Flyball, 78D, EV 97.5 MPH)
|
Bottom of the 4th over - 0 runs, 0 hits, 0 errors, 0 left on base; Chester 4 - Hamilton 1 |
TOP OF THE 5TH |
Chester Pirates batting - Pitching for Hamilton Cardinals : LHP Sal Guzman
|
Batting: RHB Rusty Trader
|
0-0: Ball 1-0: Called Strike 1-1: Called Strike 1-2: Ball 2-2: Ball 3-2: Base on Balls
|
Batting: LHB Chad Cutler
|
0-0: Called Strike Rusty Trader is caught stealing 2nd base 2-6 0-1: Swinging Strike 0-2: Ball 1-2: Ball 2-2: Ball 3-2: SINGLE (Groundball, 15S, EV 61.9 MPH) (infield hit)
|
Batting: RHB Ricky Alvarado
|
0-0: Ball 1-0: Ball 2-0: Foul Ball, location: 2F 2-1: DOUBLE (Line Drive, 89D, EV 105.0 MPH) Chad Cutler to third Runner from 3rd tries for Home, SAFE, no throw by CF
|
Batting: RHB Hector Barajas
|
0-0: Called Strike 0-1: Foul Ball, location: 2F 0-2: 2-RUN HOME RUN (Flyball, 7D, EV 95.0 MPH), Distance : 372 ft
|
Batting: LHB Damien Cohen
|
0-0: Ball 1-0: Called Strike 1-1: Ball 2-1: Swinging Strike 2-2: Ball 3-2: SINGLE (Flyball, 6D, EV 85.0 MPH)
|
Batting: RHB Rafael Galicia
|
0-0: Called Strike 0-1: Fly out, F8 (Flyball, 89M, EV 95.0 MPH)
|
Batting: RHB Matt Derrien
|
0-0: Ball 1-0: Ball 2-0: SINGLE (Groundball, 6MD, EV 103.8 MPH) Damien Cohen to second Runner from 2nd tries for 3rd, OUT! 8-5
|
Top of the 5th over - 3 runs, 5 hits, 0 errors, 1 left on base; Chester 7 - Hamilton 1 |
BOTTOM OF THE 5TH |
Hamilton Cardinals batting - Pitching for Chester Pirates : RHP Justin Rousell
|
Batting: RHB Diego Herrera
|
0-0: DOUBLE (Line Drive, 89M, EV 98.8 MPH)
|
Batting: RHB Chris Rouleau
|
0-0: Ball 1-0: Swinging Strike 1-1: Called Strike 1-2: Foul Ball, location: 2F 1-2: Foul Ball, location: 2F 1-2: Ball 2-2: SINGLE (Groundball, 56, EV 96.2 MPH) (infield hit) Diego Herrera to third
|
Batting: LHB Ken Morehead
|
0-0: Foul Ball, location: 2F 0-1: Ball 1-1: Ball 2-1: Foul Ball, location: 2F 2-2: Foul Ball, location: 2F 2-2: Ball 3-2: Foul Ball, location: 2F 3-2: SINGLE (Line Drive, 7S, EV 85.0 MPH) Diego Herrera scores Chris Rouleau to second
|
Batting: SHB Gerardo Macias
|
0-0: Foul Ball, location: 2F 0-1: Ball 1-1: DOUBLE (Line Drive, 89D, EV 110.6 MPH) Chris Rouleau scores Ken Morehead to third
|
Batting: RHB Tim Williams
|
0-0: Ball 1-0: Ball 2-0: Ball 3-0: Base on Balls
|
Batting: LHB Mike East
|
0-0: Ball 1-0: Ground out 3-1 (Groundball, 34S, EV 88.8 MPH) Ken Morehead scores Gerardo Macias to third Tim Williams to second
|
Batting: RHB McGwire Jones
|
0-0: Called Strike 0-1: Swinging Strike 0-2: Strikes out looking
|
Batting: SHB J.T. Ready
|
0-0: Ground out 6-3 (Groundball, 6M, EV 91.9 MPH)
|
Bottom of the 5th over - 3 runs, 4 hits, 0 errors, 2 left on base; Chester 7 - Hamilton 4 |
TOP OF THE 6TH |
Chester Pirates batting - Pitching for Hamilton Cardinals : LHP Sal Guzman
|
Batting: LHB Kazuyoshi Ikeda
|
0-0: Ball 1-0: Swinging Strike 1-1: Swinging Strike 1-2: Strikes out swinging
|
Batting: RHB Jon Solis
|
0-0: Ball 1-0: Called Strike 1-1: Fly out, F9 (Flyball, 89D, EV 76.9 MPH)
|
Batting: RHB Rusty Trader
|
0-0: Ball 1-0: Called Strike 1-1: Ground out 5-3 (Groundball, 56, EV 90.0 MPH)
|
Top of the 6th over - 0 runs, 0 hits, 0 errors, 0 left on base; Chester 7 - Hamilton 4 |
BOTTOM OF THE 6TH |
Hamilton Cardinals batting - Pitching for Chester Pirates : RHP Justin Rousell
|
Batting: RHB Pablo Nunez
|
0-0: Ball 1-0: Fly out, F8 (Flyball, 8LM, EV 86.2 MPH)
|
Batting: RHB Diego Herrera
|
0-0: Foul Ball, location: 2F 0-1: Ball 1-1: SINGLE (Groundball, 25, EV 69.4 MPH) (infield hit)
|
Batting: RHB Chris Rouleau
|
0-0: Ball 1-0: Foul Ball, location: 2F 1-1: Ball 2-1: Foul Ball, location: 2F 2-2: Ball 3-2: Strikes out looking
|
Pitching: RHP Bill Gomez
|
|
Batting: LHB Ken Morehead
|
0-0: Ball Diego Herrera steals 2nd, throwing error, E2 Diego Herrera to third 1-0: Foul Ball, location: 2F 1-1: Ball 2-1: Foul Ball, location: 2F 2-2: Ball 3-2: Base on Balls
|
Batting: SHB Gerardo Macias
|
0-0: Called Strike 0-1: Foul Ball, location: 2F 0-2: Ball 1-2: Ball 2-2: Ball 3-2: Base on Balls Ken Morehead to second
|
Batting: RHB Tim Williams
|
0-0: GRAND SLAM HOME RUN (Flyball, 8LXD, EV 114.4 MPH), Distance : 445 ft
|
Pitching: LHP Juan Hernandez
|
|
Batting: LHB Mike East
|
0-0: Foul Ball, location: 2F 0-1: Called Strike 0-2: Strikes out swinging
|
Bottom of the 6th over - 4 runs, 2 hits, 1 error, 0 left on base; Chester 7 - Hamilton 8 |
TOP OF THE 7TH |
Chester Pirates batting - Pitching for Hamilton Cardinals : LHP Sal Guzman
|
Batting: LHB Chad Cutler
|
0-0: Ball 1-0: Ball 2-0: Ball 3-0: Called Strike 3-1: Base on Balls
|
Batting: RHB Ricky Alvarado
|
0-0: Called Strike Chad Cutler steals 2nd base 0-1: DOUBLE (Line Drive, 7LM, EV 103.8 MPH) Chad Cutler scores
|
Batting: RHB Hector Barajas
|
0-0: Intentional Walk
|
Pinch Hitting: RHB Dan Kurtz
|
Balk! Ricky Alvarado to third Hector Barajas to second 0-0: Intentional Walk
|
Batting: RHB Rafael Galicia
|
0-0: Foul Ball, location: 2F 0-1: Ball 1-1: DOUBLE (Line Drive, 7LD, EV 103.8 MPH) Ricky Alvarado scores Hector Barajas scores Dan Kurtz to third
|
Batting: RHB Matt Derrien
|
0-0: Ball 1-0: Ball 2-0: Called Strike 2-1: Fly out, F8 (Line Drive, 78M, EV 84.4 MPH) Runner from 3rd tags up, SCORES, no throw by CF
|
Batting: LHB Kazuyoshi Ikeda
|
0-0: Ball 1-0: Foul Ball, location: 2F 1-1: Ball 2-1: Ball 3-1: Fly out, F5 (Popup, 25F, EV 82.5 MPH)
|
Pitching: RHP Steve Hansen
|
|
Batting: RHB Jon Solis
|
0-0: Ground out 4-3 (Groundball, 34D, EV 108.1 MPH)
|
Top of the 7th over - 4 runs, 2 hits, 0 errors, 1 left on base; Chester 11 - Hamilton 8 |
BOTTOM OF THE 7TH |
Hamilton Cardinals batting - Pitching for Chester Pirates : LHP Juan Hernandez
|
Now at 1B: Dan Kurtz
|
|
Batting: RHB McGwire Jones
|
0-0: Ball 1-0: Called Strike 1-1: Ball 2-1: Called Strike 2-2: Fly out, F7 (Flyball, 78M, EV 95.0 MPH)
|
Batting: SHB J.T. Ready
|
0-0: Ball 1-0: Ball 2-0: Foul Ball, location: 2F 2-1: Ground out 6-3 (Groundball, 6MS, EV 81.9 MPH)
|
Batting: RHB Pablo Nunez
|
0-0: Ball 1-0: SOLO HOME RUN (Line Drive, 7D, EV 98.8 MPH), Distance : 366 ft
|
Batting: RHB Diego Herrera
|
0-0: Fly out, F9 (Flyball, 9D, EV 100.0 MPH)
|
Bottom of the 7th over - 1 run, 1 hit, 0 errors, 0 left on base; Chester 11 - Hamilton 9 |
TOP OF THE 8TH |
Chester Pirates batting - Pitching for Hamilton Cardinals : RHP Steve Hansen
|
Batting: RHB Rusty Trader
|
0-0: Foul Ball, location: 2F 0-1: Foul Ball, location: 2F 0-2: Foul Ball, location: 2F 0-2: Foul Ball, location: 2F 0-2: Ball 1-2: Fly out, F8 (Flyball, 89S, EV 75.0 MPH)
|
Batting: LHB Chad Cutler
|
0-0: Fly out, F9 (Line Drive, 89S, EV 92.5 MPH)
|
Batting: RHB Ricky Alvarado
|
0-0: SOLO HOME RUN (Flyball, 7D, EV 93.1 MPH), Distance : 355 ft
|
Batting: RHB Hector Barajas
|
0-0: Ball 1-0: Ball 2-0: Ball 3-0: Base on Balls
|
Batting: RHB Dan Kurtz
|
0-0: Called Strike 0-1: Ball 1-1: Reached on error, E6 (Groundball, 56, EV 85.0 MPH) Hector Barajas to second
|
Batting: RHB Rafael Galicia
|
0-0: Ball 1-0: Fly out, F8 (Line Drive, 8RM, EV 89.4 MPH)
|
Top of the 8th over - 1 run, 1 hit, 1 error, 2 left on base; Chester 12 - Hamilton 9 |
BOTTOM OF THE 8TH |
Hamilton Cardinals batting - Pitching for Chester Pirates : LHP Juan Hernandez
|
Pitching: LHP Angel Juarez
|
|
Batting: RHB Chris Rouleau
|
0-0: Ball 1-0: Ground out 5-3 (Groundball, 56S, EV 81.2 MPH)
|
Batting: LHB Ken Morehead
|
0-0: Ball 1-0: Ball 2-0: Ball 3-0: Base on Balls
|
Batting: SHB Gerardo Macias
|
Pickoff Throw to First - Out! 1-3 0-0: Called Strike 0-1: SINGLE (Flyball, 4D, EV 87.5 MPH)
|
Batting: RHB Tim Williams
|
0-0: Called Strike 0-1: Swinging Strike 0-2: Strikes out swinging
|
Bottom of the 8th over - 0 runs, 1 hit, 0 errors, 1 left on base; Chester 12 - Hamilton 9 |
TOP OF THE 9TH |
Chester Pirates batting - Pitching for Hamilton Cardinals : RHP Steve Hansen
|
Batting: RHB Matt Derrien
|
0-0: Foul Ball, location: 2F 0-1: Ball 1-1: Called Strike 1-2: Fly out, F8 (Line Drive, 8LM, EV 91.9 MPH)
|
Batting: LHB Kazuyoshi Ikeda
|
0-0: Foul Ball, location: 2F 0-1: Foul Ball, location: 2F 0-2: Hit by Pitch
|
Batting: RHB Jon Solis
|
0-0: Ball Kazuyoshi Ikeda steals 2nd base 1-0: SINGLE (Groundball, 15S, EV 66.2 MPH) (infield hit) Kazuyoshi Ikeda to third
|
Batting: RHB Rusty Trader
|
0-0: Ball 1-0: Ball 2-0: Called Strike 2-1: Foul Ball, location: 2F 2-2: Fly out, F8 (Line Drive, 8LD, EV 92.5 MPH) Runner from 3rd tags up, SCORES, no throw by CF
|
Batting: LHB Chad Cutler
|
0-0: Ball 1-0: Called Strike 1-1: Ball 2-1: SINGLE (Groundball, 34D, EV 110.6 MPH) Jon Solis to second Runner from 2nd tries for 3rd, SAFE, throw by RF made at trailing runner, OUT! 9-6
|
Top of the 9th over - 1 run, 2 hits, 0 errors, 1 left on base; Chester 13 - Hamilton 9 |
BOTTOM OF THE 9TH |
Hamilton Cardinals batting - Pitching for Chester Pirates : LHP Angel Juarez
|
Batting: LHB Mike East
|
0-0: Ball 1-0: Ball 2-0: Ball 3-0: Base on Balls
|
Batting: RHB McGwire Jones
|
0-0: Ball 1-0: Called Strike 1-1: Ball 2-1: SINGLE (Flyball, 89M, EV 88.8 MPH) Mike East to second
|
Pitching: RHP Pete Griesser
|
|
Batting: SHB J.T. Ready
|
0-0: Ball 1-0: Fly out, F7 (Line Drive, 7, EV 101.2 MPH)
|
Pinch Hitting: RHB Bobby Miles
|
0-0: Ball 1-0: Foul Ball, location: 2F 1-1: Ball 2-1: Foul Ball, location: 2F 2-2: Foul Ball, location: 2F 2-2: Strikes out swinging
|
Batting: RHB Diego Herrera
|
0-0: Ball 1-0: Ball 2-0: Ball 3-0: Called Strike 3-1: Fly out, F3 (Popup, 34S, EV 77.5 MPH)
|
Bottom of the 9th over - 0 runs, 1 hit, 0 errors, 2 left on base; Chester 13 - Hamilton 9 |
|